 Dungeon Crawl Stone Soup version 0.29-a0-998-g1987434951 (webtiles) character file.

Game seed: 7832651057261406560

109 xian the Sneak (level 4, 0/34 HPs)
             Began as a Merfolk Brigand on Aug 5, 2022.
             Succumbed to an adder's poison
             ... in a sewer.
             The game lasted 00:07:01 (2730 turns).

xian the Sneak (Merfolk Brigand)                    Turns: 2730, Time: 00:07:01

Health: 0/34       AC:  4    Str: 11    XL:     4   Next: 90%
Magic:  4/4        EV: 15    Int: 10    God:
Gold:   88         SH:  0    Dex: 15    Spells: 3/3 levels left

rFire   . . .      SeeInvis .   a - +2 dagger
rCold   . . .      Faith    .   (no shield)
rNeg    . . .      Spirit   .   b - +0 robe
rPois   .          Reflect  .   m - +0 helmet
rElec   .          Harm     .   c - +0 cloak
rCorr   .          Rampage  .   (no gloves)
Will    .....                   (no boots)
Stlth   ++++......              g - amulet of magic regeneration
HPRegen 0.11/turn               (no ring)
MPRegen 0.49/turn               (no ring)

@: lethally poisoned (0 -> -3), flying, very quick
A: nimble swimmer 2, mertail, clumsy 1
a: no special abilities


You were in a sewer.
You visited 1 branch of the dungeon, and saw 3 of its levels.
You also visited: Sewer.

You collected 112 gold pieces.
You spent 24 gold pieces at shops.

Inventory:

Hand Weapons
 a - a +2 dagger (weapon)
Missiles
 d - 11 poisoned darts (quivered)
 e - 3 curare-tipped darts
Armour
 b - a +0 robe (worn)
 c - a +0 cloak (worn)
 m - a +0 helmet (worn)
Jewellery
 g - an amulet of magic regeneration (around neck)
Scrolls
 f - a scroll of teleportation
 i - 2 scrolls of vulnerability
Potions
 k - a potion of flight
 n - a potion of mutation


   Skills:
 + Level 2.6 Fighting
 + Level 4.0 Short Blades
 + Level 2.2 Throwing
 + Level 2.4 Dodging
 + Level 5.4 Stealth


You had 3 spell levels left.
You didn't know any spells.
Your spell library contained the following spells:

 Spells                   Type           Power      Damage    Failure   Level
 Apportation              Tloc           0%         N/A       36%         1
 Necrotise                Necr           0%         1d4       36%         1
 Summon Small Mammal      Summ           0%         N/A       36%         1


Dungeon Overview and Level Annotations

Branches:
Dungeon (3/15)              Sewer (1/1)

Altars:

Shops:
D:1 ?   D:2 [   D:3 (


Innate Abilities, Weirdness & Mutations

You are very nimble when in or above water. (Stealth+, EV+, Speed+++)
Your lower body shifts to a powerful aquatic tail in water.
You are clumsy. (Dex -2)


Message History

The frilled lizard bites the plant.
You hit the adder.
The adder is lightly wounded.
The adder bites you but does no damage.
You barely miss the adder.
The adder is lightly wounded.
The adder bites you.
* * * LOW HITPOINT WARNING * * *
You are poisoned.
The adder poisons you!
The frilled lizard bites the plant.
You closely miss the adder.
The adder is lightly wounded.
You feel sick. The adder closely misses you.
The frilled lizard bites the plant.
Something hits the plant.
The plant begins to die.
You closely miss the adder.
The adder is lightly wounded.
You feel sick.
A nearby plant withers and dies.
The adder bites you but does no damage.
You hit the adder.
The adder is heavily wounded.
You feel sick. The adder closely misses you.
You hit the adder but do no damage.
The adder is heavily wounded.
You feel sick.
You are no longer poisoned.
The adder bites you.
* * * LOW HITPOINT WARNING * * *
You are lethally poisoned!
The adder poisons you!
Something bites the plant.
The adder misses you.
It was a potion of mutation.
You feel extremely strange.
You feel clumsy.
* * * LOW HITPOINT WARNING * * *
You feel sick.
Something bites the plant.
The adder completely misses you.
Something completely misses the plant.
Okay, then.
Okay, then.
You barely miss the adder.
The adder is heavily wounded.
You die...

###### ########
#..PP.####~.....###
.~..P~~.#.†P....≈≈###
#P...~~~.~Kl...≈≈≈≈##
#P~....~~.#S#...≈≈≈≈#
#~...~...~#@#.∩.≈≈≈##
######~...#~#.∩.≈≈≈≈≈#
#~~~~~†..##~#....≈≈≈##
######..###~#..######
#.~...)## #~#P.~
#.~~~.~# #~##P#
##P.~~## #~##..
~~~.P~. #~###. ###..~#
###


You could see an adder, a kobold and a frilled lizard.

Vanquished Creatures
  A river rat (Sewer)
  3 adders
  2 worms (D:2)
  A dart slug (D:2)
  An orc (D:3)
  6 bats
  3 endoplasms
  8 giant cockroaches
  2 goblins (D:1)
  2 hobgoblins (D:2)
  3 jackals
  6 quokkas
  8 ball pythons
  4 frilled lizards
  7 kobolds
  6 rats
63 creatures vanquished.

Vanquished Creatures (others)
  7 plants (Sewer)
7 creatures vanquished.

Grand Total: 70 creatures vanquished

Notes
Turn   | Place    | Note
-------+----------+-------------------------------------------
     0 | D:1      | xian the Merfolk Brigand began the quest for the Orb.
     0 | D:1      | Reached XP level 1. HP: 16/16 MP: 1/1
   155 | D:1      | Reached XP level 2. HP: 23/23 MP: 2/2
   331 | D:1      | Found Pysoj's Magic Scroll Emporium.
   841 | D:1      | Reached XP level 3. HP: 28/28 MP: 3/3
   863 | D:1      | Found a faded altar of an unknown god.
  1036 | D:1      | Bought a scroll of identify for 24 gold pieces
  1229 | D:2      | Reached skill level 5 in Stealth
  1442 | D:2      | Found Boysol's Armour Boutique.
  1840 | D:2      | Reached XP level 4. HP: 34/34 MP: 4/4
  2217 | D:3      | Found Zosoung's Antique Weapon Emporium.
  2351 | D:3      | Found a glowing drain.
  2393 | Sewer    | Entered a sewer
  2729 | Sewer    | Gained mutation: You are clumsy. (Dex -2) [potion of
                  | mutation]
  2729 | Sewer    | HP: 1/34 [poisoned by an adder]
  2730 | Sewer    | Succumbed to an adder's poison

Illustrated notes

Levels and vault maps discovered:
D:1:      sevenhm_arrival_forest_fort_small_4, layout_basic, serial_shops,
          shop_scrolls, shapermc_ecumenical_altar_mp_vishouse
D:2:      layout_loops_ring, serial_shops, nicolae_shop_window_shopping
D:3:      layout_basic, grunt_qazlal_sundering, portal_sewer_entry_f,
          serial_shops, nicolae_shop_temple_entry_statues_fountains
Sewer:    sewer_co_scattered_pipes

Skill      XL: |  1  2  3  4 |
---------------+-------------+-----
Short Blades   | 3 4 |  4.0
Stealth        | 5 |  5.4
Dodging        | 2 |  2.4
Fighting       | |  2.6
Throwing       | |  2.2

Action                   |  1- 3 |  4- 6 || total
-------------------------+-------+-------++-------
Melee: Dagger            |   119 |   107 ||   226
       Tailslap          |       |     2 ||     2
       Punch             |       |     1 ||     1
Throw: Dart              |     8 |       ||     8
  Use: Scroll            |     4 |     3 ||     7
       Potion            |       |     4 ||     4
 Stab: Sleeping          |    13 |     5 ||    18
       Distracted        |     1 |       ||     1
Armor: Robe              |    31 |    22 ||    53
Dodge: Dodged            |    79 |    68 ||   147

Table legend: (Time is in decaauts)
 A = Elapsed time spent in this place.
 B = Non-inter-level travel time spent in this place.
 C = Inter-level travel time spent in this place.
 D = Time resting spent in this place.
 E = Time spent auto-exploring this place.
 F = Levels seen in this place.
 G = Mean time per level.
                   A        B        C        D        E       F      G
               +--------+--------+--------+--------+--------+-----+--------+
         Total |   2672 |   2634 |     38 |     19 |   1807 |   4 |  668.0 |
       Dungeon |   2353 |   2315 |     38 |     19 |   1567 |   3 |  784.3 |
         Sewer |    318 |    318 |      0 |      0 |    239 |   1 |  318.0 |
               +--------+--------+--------+--------+--------+-----+--------+

Top non-repeatable levels by time:
     D:2: 1115 daAuts
     D:1: 1037 daAuts
   Sewer: 318 daAuts
     D:3: 201 daAuts
